 Dungeon Crawl Stone Soup version 0.29-a0-321-gf1c400731a (webtiles) character file.

Game seed: 14683814749179520916

51 kae the Firebug (level 3, 0/20 HPs)
             Began as a Tengu Fire Elementalist on Apr 4, 2022.
             Killed by an exploding bat (20 damage)
             ... ignited by their inner flame
             ... on level 3 of the Dungeon.
             The game lasted 00:01:10 (2587 turns).

kae the Firebug (Tengu Fire Elementalist)           Turns: 2587, Time: 00:01:10

Health: 0/20       AC:  4    Str:  8    XL:     3   Next: 83%
Magic:  7/7        EV: 12    Int: 17    God:
Gold:   148        SH:  0    Dex: 14    Spells: 5/6 levels left

rFire   . . .      SeeInvis .   (no weapon)
rCold   . . .      Faith    .   (no shield)
rNeg    . . .      Spirit   .   a - +1 robe
rPois   .          Reflect  .   (helmet restricted)
rElec   .          Harm     .   o - +0 cloak
rCorr   .          Rampage  .   (no gloves)
Will    .....                   (boots unavailable)
Stlth   ++........              c - amulet of the acrobat
HPRegen 0.06/turn               (no ring)
MPRegen 0.10/turn               (no ring)

@: no status effects
A: beak, talons 3
a: no special abilities


You were on level 3 of the Dungeon.
You visited 1 branch of the dungeon, and saw 3 of its levels.

You collected 148 gold pieces.

Inventory:

Armour
 a - a +1 robe (worn)
 o - a +0 cloak (worn)
Jewellery
 c - an amulet of the acrobat (around neck)
Wands
 l - a wand of acid (6)
Scrolls
 h - a scroll of identify
Potions
 b - a potion of magic
 d - a potion of cancellation
 e - a potion of mutation
 f - a potion of might
 g - a potion of invisibility
 i - a potion of haste {unknown}
 j - a potion of brilliance {unknown}
 k - a potion of lignification
 n - 2 potions of berserk rage {unknown}


   Skills:
 + Level 0.7 Fighting
 + Level 1.1 Armour
 + Level 2.6 Dodging
 - Level 2.0 Stealth
 + Level 2.2 Spellcasting
 + Level 2.1 Conjurations
 * Level 3.9 Fire Magic


You had 5 spell levels left.
You knew the following spells:

 Your Spells              Type           Power      Damage    Failure   Level
a - Foxfire               Conj/Fire      48%        2x1d6     5%          1

Your spell library contained the following spells:

 Spells                   Type           Power      Damage    Failure   Level
 Scorch                   Fire           30%        2d6       5%          2
 Conjure Flame            Conj/Fire      12%        6-21      16%         3
 Inner Flame              Hex/Fire       8%         N/A       26%         3
 Flame Wave               Conj/Fire      12%        2d6       47%         4


Dungeon Overview and Level Annotations

Branches:
Dungeon (3/15)

Altars:


Innate Abilities, Weirdness & Mutations

You have a beak for a mouth.
You have claws for feet.


Message History

Your foxfire dissipates!
Done exploring.
Casting: Foxfire (safe; 5% risk of failure)
Confirm with . or Enter, or press ? or * to list all spells.
You conjure some foxfire!
Your foxfire dissipates!
Done exploring.
Done exploring.
Casting: Foxfire (safe; 5% risk of failure)
Confirm with . or Enter, or press ? or * to list all spells.
You miscast Foxfire.
You are very lightly contaminated with residual magic.
Nothing appears to happen.
Search for what [? for help]? cloak You see here a +0 club.
Your magical contamination has completely faded away.
You see here a +0 cloak.
o - a +0 cloak You start putting on your armour.
You continue putting on your +0 cloak. x4
You finish putting on your +0 cloak.
(D) Dungeon
Where to? (Enter - D:2 @ (x,y), ? - help)
There is a stone staircase leading down here.
You climb downwards.
There is a stone staircase leading up here.
A bat is nearby!
Okay, then.
Okay, then.
As you read the scroll labelled EXEGAXK IDAUS, it crumbles to dust.
The creatures around you are filled with an inner flame!
It was a scroll of immolation.
The bat barely misses you.
Unknown command.
Okay, then.
You closely miss the bat.
Flame seeps out of the bat.
You claw the bat.
The bat is severely wounded.
The bat is engulfed in blazing flames.
The bat explodes!
The fiery explosion engulfs you!!
Ouch! That really hurt!
You die...

##+## ##...##
##.....##
#§○@....#
#..§§.....#
.............+
.............#
.###........##
#.#.....##
#.##....# #.
##+#.#


There were no monsters in sight!

Vanquished Creatures
  An adder (D:2)
  A worm (D:2)
  5 ball pythons
  An endoplasm (D:2)
  A giant cockroach (D:1)
  3 goblins
  4 hobgoblins
  3 jackals (D:1)
  2 quokkas
  4 bats
  5 frilled lizards
  3 kobolds
  6 rats
39 creatures vanquished.

Vanquished Creatures (others)
  108 foxfires
  5 toadstools (D:1)
113 creatures vanquished.

Grand Total: 152 creatures vanquished

Notes
Turn   | Place    | Note
-------+----------+-------------------------------------------
     0 | D:1      | kae the Tengu Fire Elementalist began the quest for the
                  | Orb.
     0 | D:1      | Reached XP level 1. HP: 10/10 MP: 4/4
   447 | D:1      | Reached XP level 2. HP: 16/16 MP: 1/6
   635 | D:1      | Found a faded altar of an unknown god.
  1588 | D:2      | Reached XP level 3. HP: 20/20 MP: 4/7
  1821 | D:2      | Reached skill level 1 in Armour
  2587 | D:3      | Killed by an exploding bat... ignited by their inner flame

Illustrated notes

Levels and vault maps discovered:
D:1:      ldierk_walled_garden, layout_basic,
          shapermc_ecumenical_altar_acropolis, moated_statue
D:2:      layout_rooms, serial_glass, glass_columns_b, glass_columns_b
D:3:      cheibrodos_old_hovel, layout_loops_corners, kennysheep_generic_room_11

Skill      XL: |  1  2  3 |
---------------+----------+-----
Armour         | 1 |  1.1
Conjurations   | 2 |  2.1
Fighting       | |  0.7
Dodging        | |  2.6
Stealth        | |  2.0
Spellcasting   | |  2.2
Fire Magic     | |  3.9

Action                   || total
-------------------------++-------
Melee: Unarmed           ||    30
       Peck              ||    10
       Kick              ||     6
 Cast: Foxfire           ||    64
  Use: Scroll            ||     7
       Potion            ||     2
Armor: Robe              ||    12
       Skin              ||     6
Dodge: Dodged            ||    49

Table legend: (Time is in decaauts)
 A = Elapsed time spent in this place.
 B = Non-inter-level travel time spent in this place.
 C = Inter-level travel time spent in this place.
 D = Time resting spent in this place.
 E = Time spent auto-exploring this place.
 F = Levels seen in this place.
 G = Mean time per level.
                   A        B        C        D        E       F      G
               +--------+--------+--------+--------+--------+-----+--------+
         Total |   2588 |   2532 |     56 |     13 |   2252 |   3 |  862.7 |
       Dungeon |   2588 |   2532 |     56 |     13 |   2252 |   3 |  862.7 |
               +--------+--------+--------+--------+--------+-----+--------+

Top non-repeatable levels by time:
     D:1: 1585 daAuts
     D:2: 1000 daAuts
     D:3: 1 daAuts
